 Dungeon Crawl Stone Soup version 0.29-a0-359-g541a27f54d (webtiles) character file.

Game seed: 4064725477009739437

2032 croobank the Sneak (level 9, 0/58 HPs)
             Began as an Octopode Necromancer on Apr 27, 2022.
             Splashed by a jelly's acid (8 damage)
             ... on level 7 of the Dungeon.
             The game lasted 00:33:29 (9127 turns).

croobank the Sneak (Octopode Necromancer)           Turns: 9127, Time: 00:33:30

Health: 0/58       AC:  3    Str:  7    XL:     9   Next: 23%
Magic:  13/13      EV: 15    Int: 21    God:
Gold:   197        SH:  0    Dex: 13    Spells: 1/14 levels left

rFire   . . .      SeeInvis .   f - +1 short sword (protect)
rCold   . . .      Faith    .   (no shield)
rNeg    . . .      Spirit   .   i - +2 hat
rPois   .          Reflect  .   (no amulet)
rElec   .          Harm     .   (no ring)
rCorr   .          Rampage  .   (no ring)
Will    .....                   (no ring)
Stlth   ++++......              (no ring)
HPRegen 0.19/turn               (no ring)
MPRegen 0.13/turn               (no ring)
                                (no ring)
                                (no ring)

@: no status effects
A: almost no armour, amphibious, 8 rings, camouflage 1, gelatinous body 1,
(nimble swimmer 1), tentacles
a: no special abilities


You were on level 7 of the Dungeon.
You visited 1 branch of the dungeon, and saw 7 of its levels.

You collected 272 gold pieces.
You spent 75 gold pieces at shops.

Inventory:

Hand Weapons
 d - a +0 dagger of venom
 f - a +1 short sword of protection (weapon)
 g - a +3 dagger
 m - a +0 quick blade
 o - a -1 executioner's axe
Missiles
 c - 312 stones
 n - 6 boomerangs
Armour
 i - a +2 hat (worn)
Jewellery
 p - a ring of ice
Wands
 j - a wand of mindburst (6)
Scrolls
 h - a scroll of amnesia
 l - 3 scrolls of torment
 q - a scroll of magic mapping {unknown}
 s - 2 scrolls of fog
Potions
 a - a potion of magic
 b - a potion of berserk rage {unknown}
 e - 2 potions of mutation
 k - a potion of might {unknown}


   Skills:
 + Level 4.3 Fighting
 + Level 5.1 Dodging
 + Level 7.2 Stealth
 - Level 3.0 Spellcasting
 + Level 3.5 Conjurations
 - Level 4.1 Hexes
 + Level 6.1 Necromancy
 + Level 1.9 Air Magic
 + Level 2.5 Poison Magic


You had one spell level left.
You knew the following spells:

 Your Spells              Type           Power      Damage    Failure   Level
a - Pain                  Necr           100%       1d9       1%          1
b - Animate Skeleton      Necr           58%        N/A       1%          1
c - Vampiric Draining     Necr           29%        2d8       3%          3
d - Magic Dart            Conj           72%        1d6       3%          1
e - Call Imp              Summ           3%         N/A       21%         2
f - Ensorcelled Hibernat  Hex/Ice        22%        N/A       9%          2
g - Mephitic Cloud        Conj/Pois/Air  14%        N/A       13%         3

Your spell library contained the following spells:

 Spells                   Type           Power      Damage    Failure   Level
 Static Discharge         Conj/Air       14%        N/A       6%          2
 Animate Dead             Necr           14%        N/A       11%         4
 Dispel Undead            Necr           29%        3d13      11%         4
 Swiftness                Air            11%        N/A       17%         3
 Conjure Flame            Conj/Fire      10%        6-21      19%         3
 Blink                    Tloc           6%         N/A       21%         2
 Passwall                 Tmut/Erth      2%         N/A       21%         2
 Cause Fear               Hex            10%        N/A       24%         4
 Ignite Poison            Fire/Tmut/Pois 6%         N/A       28%         3
 Agony                    Necr           29%        N/A       28%         5
 Gell's Gravitas          Tloc           3%         N/A       36%         3
 Lesser Beckoning         Tloc           3%         N/A       36%         3
 Teleport Other           Tloc           3%         N/A       36%         3
 Sticky Flame             Conj/Fire      10%        2d3       54%         4
 Lightning Bolt           Conj/Air       7%         1d19      75%         5
 Manifold Assault         Tloc           3%         N/A       98%         5
 Dragon Form              Tmut           1%         N/A       100%        7
 Maxwell's Capacitive Co  Air            5%         ∞         100%        8
 Dragon's Call            Summ           1%         N/A       100%        9


Dungeon Overview and Level Annotations

Branches:
Dungeon (7/15)
 Temple: D:4-7

Altars:
Cheibriados
Hepliaklqana
Trog

Shops:
D:6 *

Annotations:
D:3 1 runed translucent door, Crazy Yiuf


Innate Abilities, Weirdness & Mutations

You cannot wear most types of armour.
You are amphibious.
You can wear up to eight rings at the same time.
Your skin changes colour to match your surroundings (Stealth+).
Your rubbery body absorbs attacks. (AC +1, EV +1)
((You are camouflaged when in or above water. (Stealth+)))
You have tentacles for arms and can constrict up to eight enemies at once.


Message History

You hit the steam dragon but do no damage.
Your squeeze misses the steam dragon.
The steam dragon is severely wounded.
The steam dragon breathes steam at you. The ball of steam hits you!
The steam dragon barely misses you. The steam dragon claws you.
* * * LOW HITPOINT WARNING * * *
You barely miss the steam dragon.
The steam dragon is severely wounded.
The steam dragon bites you but does no damage.
The steam dragon claws you.
* * * LOW HITPOINT WARNING * * *
Casting: Magic Dart (safe; 3% risk of failure)
Confirm with . or Enter, or press ? or * to list all spells.
Aiming: Pain (safe; 1% risk of failure)
Press: ? - help, Shift-Dir - straight line, f/p - steam dragon
Aim: a steam dragon (severely wounded, chance to affect: 83%)
The steam dragon writhes in agony.
The steam dragon bites you.
* * * LOW HITPOINT WARNING * * *
The steam dragon claws you but does no damage.
Okay, then.
Casting: Pain (safe; 1% risk of failure)
Confirm with . or Enter, or press ? or * to list all spells.
Aiming: Ensorcelled Hibernation (safe; 9% risk of failure)
Press: ? - help, Shift-Dir - straight line, f/p - steam dragon
Aim: a steam dragon (almost dead, chance to affect: 45%)
Okay, then.
You closely miss the steam dragon.
You squeeze the steam dragon, but do no damage.
The steam dragon is almost dead.
The steam dragon completely misses you. The steam dragon claws you.
* * * LOW HITPOINT WARNING * * *
You barely miss the steam dragon. You squeeze the steam dragon.
You kill the steam dragon!
The jelly attacks as you move away! The jelly closely misses you.
The jelly attacks as you move away! The jelly barely misses you.
The jelly attacks as you move away! The jelly hits you.
* * * LOW HITPOINT WARNING * * *
You are splashed with acid!
You die...

#.............#######....
#.##############.........
.........................
#.##############.........
#...................####
#.###############...######
.........................#
#.#####.#######..##......#
.....##.########@##......+
..............##J##......#
.##..####.###'##..#'######
#.... #..............#
#.... #+#............#
#.....###..............#
.......................#
....D......5#'####..####
..5_........#.#####+#####


You could see a jelly.

Vanquished Creatures
  A steam dragon (D:7)
  Menkaure (D:5)
  4 black bears
  An orc warrior (D:5)
  An ogre (D:6)
  3 phantoms
  A necrophage (D:6)
  2 scorpions
  A bullfrog (D:7)
  3 wights
  3 killer bees (D:5)
  3 orc priests
  4 hounds
  2 orc wizards
  2 iguanas
  5 adders
  3 gnolls (D:6)
  A shadow imp (D:5)
  A white imp (D:5)
  An ufetubus (D:5)
  2 worms
  2 dart slugs
  11 orcs
  9 ball pythons
  A bat (D:2)
  11 endoplasms
  2 giant cockroaches
  7 goblins
  11 hobgoblins
  4 jackals (D:1)
  3 quokkas (D:1)
  6 frilled lizards
  5 kobolds
  4 rats
121 creatures vanquished.

Vanquished Creatures (collateral kills)
  A bat (D:1)
1 creature vanquished.

Vanquished Creatures (others)
  4 toadstools (D:1)
4 creatures vanquished.

Grand Total: 126 creatures vanquished

Notes
Turn   | Place    | Note
-------+----------+-------------------------------------------
     0 | D:1      | croobank the Octopode Necromancer began the quest for the
                  | Orb.
     0 | D:1      | Reached XP level 1. HP: 11/11 MP: 3/3
   212 | D:1      | Reached skill level 3 in Stealth
   251 | D:1      | Reached XP level 2. HP: 14/17 MP: 1/5
   574 | D:1      | Learned a level 1 spell: Animate Skeleton
  1413 | D:1      | Reached XP level 3. HP: 15/21 MP: 2/6
  1756 | D:1      | Learned a level 3 spell: Vampiric Draining
  2149 | D:2      | Learned a level 1 spell: Magic Dart
  2606 | D:2      | Reached skill level 1 in Fighting
  2606 | D:2      | Reached XP level 4. HP: 25/28 MP: 1/7
  2640 | D:2      | Learned a level 2 spell: Call Imp
  3229 | D:2      | Found a faded altar of an unknown god.
  3990 | D:3      | Found a runed translucent door.
  3991 | D:3      | Noticed Crazy Yiuf
  4933 | D:4      | Noticed a black bear
  4940 | D:4      | Killed a black bear
  4941 | D:4      | Reached skill level 4 in Stealth
  4941 | D:4      | Reached XP level 5. HP: 33/34 MP: 9/9
  5140 | D:4      | Found a hazy altar of Hepliaklqana.
  5141 | D:4      | Found a faded altar of an unknown god.
  5142 | D:4      | Found a faded altar of an unknown god.
  5150 | D:4      | Reached XP level 6. HP: 39/39 MP: 10/10
  5179 | D:4      | Learned a level 2 spell: Ensorcelled Hibernation
  5455 | D:5      | Entered Level 5 of the Dungeon
  5476 | D:5      | Noticed a black bear
  5490 | D:5      | Reached skill level 1 in Hexes
  5504 | D:5      | Killed a black bear
  5505 | D:5      | Reached skill level 5 in Stealth
  5505 | D:5      | Reached skill level 1 in Conjurations
  5505 | D:5      | Reached skill level 5 in Necromancy
  5505 | D:5      | Reached XP level 7. HP: 30/45 MP: 7/11
  5772 | D:5      | Found a bloodstained altar of Trog.
  6409 | D:5      | Noticed Menkaure
  6431 | D:5      | Killed Menkaure
  6432 | D:5      | Reached XP level 8. HP: 52/52 MP: 12/12
  6700 | D:5      | Reached skill level 6 in Stealth
  7436 | D:6      | Learned a level 3 spell: Mephitic Cloud
  7850 | D:6      | Reached skill level 1 in Poison Magic
  8025 | D:6      | Found Buh Mol's Lightly-Used Armoury.
  8065 | D:6      | Reached skill level 1 in Air Magic
  8189 | D:6      | Bought a -1 executioner's axe for 75 gold pieces
  8345 | D:6      | Reached XP level 9. HP: 49/58 MP: 13/13
  8428 | D:5      | Reached skill level 5 in Dodging
  8428 | D:5      | Reached skill level 7 in Stealth
  9087 | D:7      | Found a snail-covered altar of Cheibriados.
  9127 | D:7      | Splashed by a jelly's acid

Illustrated notes

Levels and vault maps discovered:
D:1:      ldierk_walled_garden_2, layout_loops_cross,
          minmay_misc_feat_four_crosses, grunt_decor_resistance
D:2:      layout_basic, hellmonk_ecumenical_altar_inner_sanctum
D:3:      layout_basic, uniq_crazy_yiuf_cottage
D:4:      layout_loops_ring, nicolae_hepliaklqana_ecumenical_no_more
D:5:      layout_basic, trog_ov_bears_minmay, uniq_menkaure
D:6:      layout_basic, minmay_shop_damaged, minivault_19
D:7:      layout_basic, slow_altar_1, minmay_temple_entry_butterflies,
          corexii_corridor_pit

Skill      XL: |  1  2  3  4  5  6  7  8  9 |
---------------+----------------------------+-----
Stealth        | 3 4 5 6 7 |  7.2
Fighting       | 1 2 3 4 |  4.3
Dodging        | 3 4 5 |  5.1
Spellcasting   | 3 |  3.0
Hexes          | 1 3 4 |  4.1
Conjurations   | 1 2 3 |  3.5
Necromancy     | 5 6 |  6.1
Poison Magic   | 1 2 |  2.5
Air Magic      | 1 |  1.9

Action                   |  1- 3 |  4- 6 |  7- 9 || total
-------------------------+-------+-------+-------++-------
Melee: Unarmed           |    29 |       |       ||    29
       Constrict         |    10 |    16 |    21 ||    47
       Tentacles         |     7 |    15 |    45 ||    67
       Short sword       |     1 |    69 |   161 ||   231
       Punch             |       |     2 |     4 ||     6
 Cast: Pain              |    54 |    20 |    19 ||    93
       Animate Skeleton  |     1 |       |       ||     1
       Magic Dart        |    21 |    34 |    44 ||    99
       Vampiric Draining |     1 |     1 |    12 ||    14
       Call Imp          |       |     1 |     2 ||     3
       Ensorcelled Hiber |       |       |     5 ||     5
  Use: Scroll            |     2 |     6 |     4 ||    12
       Potion            |     1 |       |    10 ||    11
 Stab: Sleeping          |       |     7 |     3 ||    10
       Distracted        |       |       |     1 ||     1
Armor: Skin              |     2 |    14 |    54 ||    70
Dodge: Dodged            |    27 |    51 |   128 ||   206

Table legend: (Time is in decaauts)
 A = Elapsed time spent in this place.
 B = Non-inter-level travel time spent in this place.
 C = Inter-level travel time spent in this place.
 D = Time resting spent in this place.
 E = Time spent auto-exploring this place.
 F = Levels seen in this place.
 G = Mean time per level.
                   A        B        C        D        E       F      G
               +--------+--------+--------+--------+--------+-----+--------+
         Total |   9122 |   8886 |    236 |   2817 |   4782 |   7 | 1303.1 |
       Dungeon |   9122 |   8886 |    236 |   2817 |   4782 |   7 | 1303.1 |
               +--------+--------+--------+--------+--------+-----+--------+

Top non-repeatable levels by time:
     D:1: 2055 daAuts
     D:5: 1975 daAuts
     D:6: 1362 daAuts
     D:3: 1202 daAuts
     D:2: 1195 daAuts
     D:4: 990 daAuts
     D:7: 339 daAuts
